 Dungeon Crawl Stone Soup version 0.23.0-3-gf3c87f2 (webtiles) character file.

Game seed: 6423915481025370654

22595 wolfsongas the Nimble (level 13, -12/103 HPs)
             Began as a Gnoll Monk on Feb 23, 2019.
             Was a Priest of Cheibriados.
             Engulfed by an ice statue's freezing vapour (24 damage)
             ... in an ice cave.
             The game lasted 00:59:16 (18985 turns).

wolfsongas the Nimble (Gnoll Monk)                 Turns: 18985, Time: 00:59:17

Health: -12/103    AC: 15    Str: 24    XL:     13   Next: 1%
Magic:  22/24      EV: 19    Int: 24    God:    Cheibriados [***...]
Gold:   441        SH:  3    Dex: 25    Spells: 13/27 levels left

rFire    . . .     SeeInvis .   m - +0 battleaxe
rCold    . . .     Gourm    .   (shield currently unavailable)
rNeg     . . .     Faith    .   n - +1 chain mail
rPois    .         Spirit   .   (no helmet)
rElec    .         Reflect  +   f - scarf {repulsion}
rCorr    .         Harm     .   r - +2 pair of gloves
MR       .....                  (no boots)
Stlth    ++........             l - +3 amulet of reflection
HPRegen  0.27/turn              h - ring of wizardry
MPRegen  0.19/turn              E - +2 ring of evasion

@: repel missiles, very slow
A: distributed training, fangs 1, strong nose
a: Bend Time, Temporal Distortion, Renounce Religion


You were in an ice cave.
You worshipped Cheibriados.
Cheibriados was most pleased with you.
You were not hungry.

You visited 2 branches of the dungeon, and saw 14 of its levels.
You also visited: Sewer and Ice Cave.

You collected 628 gold pieces.
You spent 187 gold pieces at shops.

Inventory:

Hand Weapons
 g - a +3 longbow of flaming
 m - a +0 battleaxe (weapon)
 I - a +2 antimagic great mace
Missiles
 a - 2 exploding tomahawks (quivered)
 q - 265 arrows
Armour
 f - a scarf of repulsion (worn)
 n - a +1 chain mail (worn)
 r - a +2 pair of gloves (worn)
 s - a +0 leather armour
 w - a +0 plate armour
Magical Staves
 t - an uncursed staff of fire
Jewellery
 h - a ring of wizardry (left hand)
 l - a +3 amulet of reflection (around neck)
 o - an uncursed ring of see invisible
 E - a +2 ring of evasion (right hand)
 H - an uncursed amulet of regeneration {unknown}
 L - an uncursed amulet of rage {unknown}
Wands
 b - a wand of paralysis (2)
 d - a wand of polymorph (7)
 j - a wand of digging (13)
 B - a wand of clouds (2)
 G - a wand of enslavement (10)
Scrolls
 p - 2 scrolls of remove curse
 u - a scroll of fog {unknown}
 v - 2 scrolls of holy word
 x - 2 scrolls of fear
 y - 3 scrolls of enchant armour
 A - 3 scrolls of amnesia
 C - 3 scrolls of enchant weapon
Potions
 e - 5 potions of curing
 i - a potion of lignification
 k - 2 potions of brilliance
Comestibles
 c - 15 rations


   Skills:
 + Level 10.2 Fighting
 + Level 7.9 Short Blades
 + Level 7.9 Long Blades
 + Level 10.2 Axes
 + Level 7.9 Maces & Flails
 + Level 7.9 Polearms
 + Level 7.9 Staves
 + Level 7.9 Slings
 + Level 7.9 Bows
 + Level 7.9 Crossbows
 + Level 7.9 Throwing
 + Level 7.9 Armour
 + Level 10.2 Dodging
 + Level 9.0 Stealth
 + Level 7.9 Shields
 + Level 7.9 Unarmed Combat
 + Level 7.9 Spellcasting
 + Level 6.5 Conjurations
 + Level 6.5 Hexes
 + Level 6.5 Charms
 + Level 6.5 Summonings
 + Level 6.5 Necromancy
 + Level 6.5 Translocations
 + Level 6.5 Transmutations
 + Level 6.5 Fire Magic
 + Level 6.5 Ice Magic
 + Level 6.5 Air Magic
 + Level 6.5 Earth Magic
 + Level 6.5 Poison Magic
 + Level 8.6 Invocations
 + Level 7.9 Evocations


You had 13 spell levels left.
You knew the following spells:

 Your Spells              Type           Power        Failure   Level  Hunger
a - Conjure Flame         Conj/Fire      #####...     3%          3    None
b - Sticky Flame          Conj/Fire      #####...     11%         4    ##.....
c - Spectral Weapon       Hex/Chrm       #####...     3%          3    None
d - Animate Dead          Necr           N/A          11%         4    ##.....

Your spell library contained the following spells:

 Spells                   Type           Power        Failure   Level  Hunger
 Animate Skeleton         Necr           N/A          1%          1    None
 Apportation              Tloc           #####.       1%          1    None
 Confusing Touch          Hex            #####.       1%          1    None
 Flame Tongue             Conj/Fire      #####        1%          1    None
 Infusion                 Chrm           ####         1%          1    None
 Summon Small Mammal      Summ           ####         1%          1    None
 Shroud of Golubria       Chrm/Tloc      #####.....   1%          2    None
 Song of Slaying          Chrm           #####...     1%          2    None
 Throw Flame              Conj/Fire      #####.       1%          2    None
 Inner Flame              Hex/Fire       #####...     3%          3    None
 Recall                   Summ/Tloc      N/A          3%          3    None
 Regeneration             Chrm/Necr      #####.....   3%          3    None
 Borgnjor's Vile Clutch   Necr/Erth      #####.....   28%         5    #####..
 Fireball                 Conj/Fire      #####.....   28%         5    #####..
 Death Channel            Necr           #####.....   82%         6    ######.
 Simulacrum               Ice/Necr       #####.....   82%         6    ######.


Dungeon Overview and Level Annotations

Branches:
Dungeon (13/15)            Temple (1/1) D:6            Lair (0/6) D:10
    Orc (0/2) D:11
 Vaults: D:13-14

Altars:
Ashenzari
Cheibriados
Dithmenos
Elyvilon
Fedhas
Gozag
Hepliaklqana
Kikubaaqudgha
Makhleb
Nemelex Xobeh
Okawaru
Qazlal
Ru
Sif Muna
Trog
Uskayaw
Vehumet
Wu Jian
Xom
Yredelemnul
Zin
The Shining One

Shops:
D:4 [   D:6 =*!?*   D:9 :

Annotations:
D:13 2 runed translucent doors IceCv 1 transporter, exclusion: 2 ice statues


Innate Abilities, Weirdness & Mutations

Your experience applies equally to all skills.
You have very sharp teeth.
Your uncanny sense of smell can sniff out nearby items.


Message History

* * * LOW HITPOINT WARNING * * *
Your spectral weapon is engulfed in freezing vapours.
Your spectral weapon shares its damage with you!
* * * LOW HITPOINT WARNING * * *
The ice statue gestures at you. The freezing blast misses you.
Your spectral weapon is engulfed in freezing vapours.
Okay, then.
Okay, then.
You closely miss the ice beast.
You are engulfed in freezing vapours.
* * * LOW HITPOINT WARNING * * *
Your spectral weapon is engulfed in freezing vapours.
Your spectral weapon shares its damage with you!
* * * LOW HITPOINT WARNING * * *
Your spectral weapon barely misses the ice beast.
The ice statue gestures.
The ice beast closely misses you.
The ice beast closely misses your spectral weapon.
You are engulfed in freezing vapours.
You die...

##########
##...|©$...##
#...8.|.8...#
##....).Y....##
#....§§§§§§§..#
#.○.○8§§.8§...#
#..○Y°§§§§....#
#.@°(Y○§Y...#
#☼○°°§§.....#
#○○°.°©.....#
##.°.......##
##...∩...##
##.....##
#######


You could see 2 ice statues, 4 ice beasts and a friendly spectral +0 battleaxe.

Vanquished Creatures
  Nessos (D:12)
  A fire dragon (D:10)
  A hydra (D:7)
  2 two-headed ogres
  Nergalle (D:11)
  An unseen horror (D:11)
  Pikel (D:9)
  2 manticores
  5 ugly things
  A cyclops (D:12)
  Joseph (D:9)
  A troll (D:12)
  A troll (shapeshifter) (D:12)
  A queen bee (D:9)
  2 hornets
  4 slime creatures (D:12)
  2 hippogriffs
  A meliai zombie (D:13)
  3 yaks (D:12)
  2 wraiths (D:11)
  3 wyverns
  A basilisk (D:12)
  6 hungry ghosts
  A steam dragon (D:10)
  Edmund (D:4)
  An acid dragon (D:11)
  Duvessa (D:6)
  A slave (D:9)
  7 orc warriors
  A black bear (D:10)
  9 ice beasts
  2 sky beasts
  13 centaurs
  6 ogres
  An eye of draining (D:10)
  4 phantoms
  8 big kobolds
  7 bullfrogs
  Dowan (D:6)
  A water moccasin zombie (D:6)
  4 scorpions
  A wyvern skeleton (D:7)
  2 troll zombies (D:11)
  24 killer bees
  9 wights
  8 howler monkeys
  4 crimson imps
  4 centaur zombies
  A bullfrog zombie (D:6)
  2 quasits (D:8)
  6 hounds
  4 jellies
  4 orc priests
  14 orc wizards
  A centaur skeleton (D:9)
  3 bullfrog skeletons
  Terence (D:2)
  2 iguanas
  9 worker ants
  4 ogre zombies (D:11)
  A hound skeleton (D:8)
  A howler monkey zombie (D:5)
  A howler monkey skeleton (D:4)
  4 gnolls (D:4)
  15 adders
  3 river rats (Sewer)
  A shadow imp (D:10)
  8 oozes (Sewer)
  An adder skeleton (D:6)
  4 worms
  2 dart slugs
  12 leopard geckos
  39 orcs
  4 ball pythons
  10 bats
  4 giant cockroaches
  9 goblins
  7 hobgoblins
  8 jackals
  7 quokkas
  8 frilled lizards
  A goblin skeleton (D:11)
  4 goblin zombies (D:11)
  3 hobgoblin zombies (D:11)
  17 kobolds
  An orc skeleton (D:11)
  13 orc zombies (D:11)
  2 quokka skeletons (D:5)
  13 rats
419 creatures vanquished.

Vanquished Creatures (collateral kills)
  A bullfrog (D:12)
  An orc wizard (D:11)
  An ogre zombie (D:11)
  A hobgoblin zombie (D:11)
  An orc skeleton (D:11)
5 creatures vanquished.

Vanquished Creatures (others)
  An air elemental (D:13)
  A water elemental (D:13)
  2 slaves (D:9)
  A water moccasin (D:9)
  A black bear (D:9)
  An ice beast (D:9)
  A bullfrog (D:9)
  A troll zombie (D:11)
  2 crimson imps (D:9)
  A bullfrog zombie (D:9)
  A hound (D:9)
  An orc wizard (D:9)
  2 orcs (D:9)
  A quokka (D:9)
  A spectral weapon (D:9)
18 creatures vanquished.

Grand Total: 442 creatures vanquished

Notes
Turn   | Place    | Note
-------+----------+-------------------------------------------
     0 | D:1      | wolfsongas the Gnoll Monk began the quest for the Orb.
     0 | D:1      | Reached XP level 1. HP: 23/23 MP: 1/1
    94 | D:1      | Reached XP level 2. HP: 28/29 MP: 2/2
   362 | D:1      | Reached XP level 3. HP: 31/35 MP: 3/3
   706 | D:1      | Learned a level 3 spell: Conjure Flame
   723 | D:2      | Found a glowing silver altar of Zin.
   723 | D:2      | Noticed an angel
   724 | D:2      | Found a shimmering altar of Xom.
   844 | D:2      | Reached skill level 1 in Invocations
   952 | D:2      | Reached skill level 1 in Short Blades
   952 | D:2      | Reached skill level 1 in Long Blades
   952 | D:2      | Reached skill level 1 in Maces & Flails
   952 | D:2      | Reached skill level 1 in Polearms
   952 | D:2      | Reached skill level 1 in Staves
   952 | D:2      | Reached skill level 1 in Slings
   952 | D:2      | Reached skill level 1 in Bows
   952 | D:2      | Reached skill level 1 in Crossbows
   952 | D:2      | Reached skill level 1 in Throwing
   952 | D:2      | Reached skill level 1 in Armour
   952 | D:2      | Reached skill level 1 in Shields
   952 | D:2      | Reached skill level 1 in Unarmed Combat
   952 | D:2      | Reached skill level 1 in Spellcasting
   952 | D:2      | Reached skill level 1 in Evocations
  1078 | D:2      | Reached XP level 4. HP: 34/41 MP: 5/5
  1309 | D:2      | Noticed Terence
  1322 | D:2      | Killed Terence
  1491 | D:2      | Reached skill level 1 in Conjurations
  1491 | D:2      | Reached skill level 1 in Hexes
  1491 | D:2      | Reached skill level 1 in Charms
  1491 | D:2      | Reached skill level 1 in Summonings
  1491 | D:2      | Reached skill level 1 in Necromancy
  1491 | D:2      | Reached skill level 1 in Translocations
  1491 | D:2      | Reached skill level 1 in Transmutations
  1491 | D:2      | Reached skill level 1 in Fire Magic
  1491 | D:2      | Reached skill level 1 in Ice Magic
  1491 | D:2      | Reached skill level 1 in Air Magic
  1491 | D:2      | Reached skill level 1 in Earth Magic
  1491 | D:2      | Reached skill level 1 in Poison Magic
  1673 | D:3      | Reached XP level 5. HP: 47/47 MP: 6/6
  1779 | D:3      | Reached XP level 6. HP: 56/56 MP: 6/12
  2141 | D:3      | Found an opulent altar of Gozag.
  2289 | D:4      | Noticed Edmund
  2558 | D:4      | Found a glowing drain.
  2575 | Sewer    | Entered a sewer
  2756 | Sewer    | Reached skill level 5 in Invocations
  2769 | Sewer    | Reached XP level 7. HP: 38/62 MP: 13/13
  3908 | D:4      | Reached XP level 8. HP: 57/68 MP: 15/15
  4325 | D:4      | Learned a level 4 spell: Sticky Flame
  4416 | D:4      | Killed Edmund
  4720 | D:4      | Found Oreq's Antique Armour Emporium.
  4900 | D:5      | Entered Level 5 of the Dungeon
  5311 | D:5      | Reached skill level 5 in Short Blades
  5311 | D:5      | Reached skill level 5 in Long Blades
  5311 | D:5      | Reached skill level 5 in Maces & Flails
  5311 | D:5      | Reached skill level 5 in Polearms
  5311 | D:5      | Reached skill level 5 in Staves
  5311 | D:5      | Reached skill level 5 in Slings
  5311 | D:5      | Reached skill level 5 in Bows
  5311 | D:5      | Reached skill level 5 in Crossbows
  5311 | D:5      | Reached skill level 5 in Throwing
  5311 | D:5      | Reached skill level 5 in Armour
  5311 | D:5      | Reached skill level 5 in Shields
  5311 | D:5      | Reached skill level 5 in Unarmed Combat
  5311 | D:5      | Reached skill level 5 in Spellcasting
  5311 | D:5      | Reached skill level 5 in Evocations
  5841 | D:4      | Bought a pair of embroidered gloves for 187 gold pieces
  5948 | D:6      | Found Sitappul's General Store.
  5949 | D:6      | Found Weynutt's Distillery.
  6008 | D:6      | Found a sacrificial altar of Ru.
  6038 | D:6      | Found Xipti's Jewellery Emporium.
  6091 | D:6      | Reached XP level 9. HP: 75/75 MP: 14/16
  6382 | D:6      | Found a shattered altar of Ashenzari.
  6439 | D:6      | Found Bizumyhi's Assorted Antiques.
  6490 | D:6      | Found Sota Zitt's Magic Scroll Shop.
  6600 | D:6      | Found a staircase to the Ecumenical Temple.
  6749 | Temple   | Entered the Ecumenical Temple
  6924 | Temple   | Became a worshipper of Cheibriados the Contemplative
  6924 | Temple   | Reached * piety under Cheibriados
  6924 | Temple   | Reached ** piety under Cheibriados
  7794 | D:6      | Noticed Duvessa
  7794 | D:6      | Noticed Dowan
  7801 | D:6      | Killed Duvessa
  7802 | D:6      | Killed Dowan
  8668 | D:7      | Noticed a hornet
  8676 | D:7      | Paralysed by a hornet for 1 turns
  8678 | D:7      | Killed a hornet
  9040 | D:7      | Reached XP level 10. HP: 78/82 MP: 18/18
  9093 | D:7      | You fall through a shaft for 3 floors!
  9093 | D:10     | Entered Level 10 of the Dungeon
  9577 | D:8      | Reached *** piety under Cheibriados
 10021 | D:7      | Noticed a four-headed hydra
 10024 | D:7      | Killed a four-headed hydra
 10043 | D:7      | Found an ornate altar of the Wu Jian Council.
 10282 | D:9      | Noticed Pikel
 10308 | D:9      | Killed Pikel
 10308 | D:9      | Reached skill level 5 in Conjurations
 10308 | D:9      | Reached skill level 5 in Hexes
 10308 | D:9      | Reached skill level 5 in Charms
 10308 | D:9      | Reached skill level 5 in Summonings
 10308 | D:9      | Reached skill level 5 in Necromancy
 10308 | D:9      | Reached skill level 5 in Translocations
 10308 | D:9      | Reached skill level 5 in Transmutations
 10308 | D:9      | Reached skill level 5 in Fire Magic
 10308 | D:9      | Reached skill level 5 in Ice Magic
 10308 | D:9      | Reached skill level 5 in Air Magic
 10308 | D:9      | Reached skill level 5 in Earth Magic
 10308 | D:9      | Reached skill level 5 in Poison Magic
 10441 | D:9      | Reached **** piety under Cheibriados
 10590 | D:6      | Learned a level 3 spell: Spectral Weapon
 10733 | D:9      | Reached XP level 11. HP: 60/89 MP: 13/20
 10953 | D:9      | Noticed Joseph
 10969 | D:9      | Found Zuonetama's Book Emporium.
 11137 | D:9      | Found a shadowy altar of Dithmenos.
 11137 | D:9      | Found a hide-covered altar of Uskayaw.
 11222 | D:9      | Found an ancient bone altar of Kikubaaqudgha.
 11223 | D:9      | Found a stormy altar of Qazlal.
 11223 | D:9      | Found a basalt altar of Yredelemnul.
 11224 | D:9      | Found a deep blue altar of Sif Muna.
 11297 | D:9      | Killed Joseph
 11723 | D:10     | Noticed a two-headed ogre
 11728 | D:10     | Killed a two-headed ogre
 12033 | D:10     | Found a staircase to the Lair.
 12034 | D:10     | Noticed a fire dragon
 12768 | D:10     | Killed a fire dragon
 13324 | D:10     | Learned a level 4 spell: Animate Dead
 13557 | D:11     | Noticed a two-headed ogre
 13563 | D:11     | Killed a two-headed ogre
 13579 | D:11     | Reached ***** piety under Cheibriados
 14022 | D:11     | Reached XP level 12. HP: 91/97 MP: 22/22
 14072 | D:11     | Noticed Nergalle
 14083 | D:11     | Killed Nergalle
 14338 | D:11     | Found a staircase to the Orcish Mines.
 15579 | D:12     | Identified a scroll of acquirement
 16202 | D:12     | Reached skill level 10 in Fighting
 16202 | D:12     | Reached skill level 10 in Axes
 16202 | D:12     | Reached skill level 10 in Dodging
 17101 | D:12     | Noticed Nessos
 17119 | D:12     | Killed Nessos
 18578 | D:13     | Found a large runed translucent door.
 18578 | D:13     | Found a large runed translucent door.
 18591 | D:13     | Noticed a two-headed ogre
 18878 | D:13     | Found a frozen archway.
 18898 | IceCv    | Entered an ice cave
 18951 | IceCv    | Found a transporter.
 18976 | IceCv    | Found a transporter.
 18980 | IceCv    | Reached XP level 13. HP: 29/103 MP: 24/24
 18985 | IceCv    | Engulfed by an ice statue's freezing vapour

Skill      XL: |  1  2  3  4  5  6  7  8  9 10 11 12 |
---------------+-------------------------------------+-----
Invocations    | 1 4 5 6 7 8 |  8.6
Short Blades   | 1 4 5 6 7 |  7.9
Long Blades    | 1 4 5 6 7 |  7.9
Maces & Flails | 1 4 5 6 7 |  7.9
Polearms       | 1 4 5 6 7 |  7.9
Staves         | 1 4 5 6 7 |  7.9
Slings         | 1 4 5 6 7 |  7.9
Bows           | 1 4 5 6 7 |  7.9
Crossbows      | 1 4 5 6 7 |  7.9
Throwing       | 1 4 5 6 7 |  7.9
Armour         | 1 4 5 6 7 |  7.9
Shields        | 1 4 5 6 7 |  7.9
Unarmed Combat | 1 4 5 6 7 |  7.9
Spellcasting   | 1 4 5 6 7 |  7.9
Evocations     | 1 4 5 6 7 |  7.9
Conjurations   | 1 3 4 5 6 |  6.5
Hexes          | 1 3 4 5 6 |  6.5
Charms         | 1 3 4 5 6 |  6.5
Summonings     | 1 3 4 5 6 |  6.5
Necromancy     | 1 3 4 5 6 |  6.5
Translocations | 1 3 4 5 6 |  6.5
Transmutations | 1 3 4 5 6 |  6.5
Fire Magic     | 1 3 4 5 6 |  6.5
Ice Magic      | 1 3 4 5 6 |  6.5
Air Magic      | 1 3 4 5 6 |  6.5
Earth Magic    | 1 3 4 5 6 |  6.5
Poison Magic   | 1 3 4 5 6 |  6.5
Fighting       | 8 9 10 | 10.2
Axes           | 8 9 10 | 10.2
Dodging        | 8 9 10 | 10.2
Stealth        | 6 7 8 9 |  9.0

Action                   |  1- 3 |  4- 6 |  7- 9 | 10-12 | 13-15 || total
-------------------------+-------+-------+-------+-------+-------++-------
Melee: Hand axe          |   103 |   153 |   589 |   243 |       ||  1088
       Bite              |     9 |    24 |    89 |   148 |       ||   270
       Punch             |     1 |     6 |     8 |    10 |       ||    25
       Battleaxe         |       |       |       |   429 |     1 ||   430
       Longbow           |       |       |       |     5 |       ||     5
 Fire: Shortbow          |       |       |       |     7 |       ||     7
       Longbow           |       |       |       |    21 |       ||    21
Throw: Stone             |       |       |    38 |       |       ||    38
       Tomahawk          |       |       |       |     2 |       ||     2
 Cast: Conjure Flame     |       |     5 |     8 |       |       ||    13
       Sticky Flame      |       |       |     8 |       |       ||     8
       Spectral Weapon   |       |       |       |     3 |     1 ||     4
       Animate Dead      |       |       |       |     6 |       ||     6
Invok: Slouch            |       |       |       |     8 |       ||     8
       Temporal Distorti |       |       |       |     5 |       ||     5
       Step From Time    |       |       |       |     1 |       ||     1
Evoke: Wand              |       |       |     2 |    19 |       ||    21
  Use: Scroll            |     2 |     7 |     9 |    21 |       ||    39
       Potion            |       |     1 |     5 |     6 |       ||    12
 Stab: Sleeping          |     5 |     9 |     7 |     2 |       ||    23
       Distracted        |     1 |       |     1 |     2 |       ||     4
       Invisible         |       |       |       |     6 |       ||     6
  Eat: Ration            |     1 |     1 |     7 |     8 |       ||    17
       Chunk             |       |       |       |     1 |       ||     1
Armor: Robe              |    17 |     9 |    23 |       |       ||    49
       Plate armour      |       |       |    66 |    93 |       ||   159
       Chain mail        |       |       |       |   392 |     1 ||   393
Dodge: Dodged            |    79 |   104 |   347 |   779 |     3 ||  1312
       Deflected         |       |     1 |     3 |    31 |       ||    35
Block: Other             |       |    10 |    44 |   127 |       ||   181
       Reflection        |       |       |       |     5 |       ||     5
